 Dungeon Crawl Stone Soup version 0.29.1-1-gd02db6906a (webtiles) character file.

Game seed: 9564381228018729755

68 daveb22 the Covered (level 4, 0/35 HPs)
             Began as a Human Fighter on Sept 17, 2022.
             Slain by a goblin
             ... wielding a +0 club
             ... led by Robin
              (4 damage)
             ... on level 3 of the Dungeon.
             The game lasted 00:08:13 (1273 turns).

daveb22 the Covered (Human Fighter)                 Turns: 1273, Time: 00:08:14

Health: 0/35       AC:  9    Str: 18    XL:     4   Next: 41%
Magic:  4/4        EV:  9    Int:  9    God:
Gold:   60         SH:  4    Dex: 12    Spells: 3/3 levels left

rFire   . . .      SeeInvis .   a - +1 flail
rCold   . . .      Faith    .   c - +0 buckler
rNeg    . . .      Spirit   .   b - +1 scale mail
rPois   .          Reflect  .   (no helmet)
rElec   .          Harm     .   g - +0 cloak
rCorr   .          Rampage  .   (no gloves)
Will    .....                   (no boots)
Stlth   ..........              (no amulet)
HPRegen 0.11/turn               (no ring)
MPRegen 0.09/turn               (no ring)

@: silenced
A: no striking features
a: no special abilities


You were on level 3 of the Dungeon.
You visited 1 branch of the dungeon, and saw 3 of its levels.

You collected 60 gold pieces.

Inventory:

Hand Weapons
 a - a +1 flail (weapon)
 n - a +0 whip
Missiles
 m - 16 stones (quivered)
Armour
 b - a +1 scale mail (worn)
 c - a +0 buckler (worn)
 g - a +0 cloak (worn)
Scrolls
 i - a scroll of enchant armour
 j - a scroll of poison {unknown}
 l - 2 scrolls of identify {unknown}
 o - a scroll of blinking {unknown}
 p - 2 scrolls of teleportation {unknown}
 q - 3 scrolls of noise {unknown}
Potions
 d - 3 potions of might
 e - 2 potions of curing {unknown}
 k - a potion of attraction {unknown}


   Skills:
 + Level 3.2 Fighting
 + Level 2.7 Maces & Flails
 + Level 3.7 Armour
 + Level 0.2 Dodging
 + Level 0.1 Stealth
 + Level 3.5 Shields


You had 3 spell levels left.
You didn't know any spells.
Your spell library contained the following spells:

 Spells                   Type           Power      Damage    Failure   Level
 Magic Dart               Conj           0%         1d3       86%         1
 Blink                    Tloc           0%         N/A       94%         2
 Call Imp                 Summ           0%         N/A       94%         2
 Dazzling Flash           Conj/Hex       0%         N/A       99%         3
 Mephitic Cloud           Conj/Pois/Air  0%         N/A       99%         3
 Iskenderun's Mystic Bla  Conj/Tloc      0%         2d3       100%        4
 Manifold Assault         Tloc           0%         N/A       100%        5
 Starburst                Conj/Fire      0%         6d3       100%        6
 Storm Form               Tmut/Air       0%         N/A       100%        7


Dungeon Overview and Level Annotations

Branches:
Dungeon (3/15)

Altars:


Message History

You miss the goblin. You block Robin's attack. The goblin closely misses you.
You sock Robin!
Robin is heavily wounded.
You block Robin's attack. The goblin hits you with a +0 dagger.
* * * LOW HITPOINT WARNING * * *
You completely miss Robin.
Robin is heavily wounded.
Robin hits you with a +0 mace.
* * * LOW HITPOINT WARNING * * *
The goblin hits you but does no damage. You block the goblin's attack.
Robin barely misses you.
You sock Robin!
You kill Robin!
A goblin comes into view. It is wielding a +0 club.
You block the goblin's attack.
You barely miss the hobgoblin. The goblin hits you but does no damage.
The hobgoblin closely misses you.
You hit the hobgoblin.
The hobgoblin is moderately wounded.
The goblin barely misses you. You block the hobgoblin's attack.
You hit the goblin.
You kill the goblin!
The hobgoblin no longer looks unusually strong.
The hobgoblin closely misses you. The hobgoblin barely misses you.
As you read the scroll labelled ZEGUNI SYXOTELOH, it crumbles to dust.
It is a scroll of enchant armour.
Your +0 scale mail glows green for a moment.
The goblin no longer looks unusually strong.
The hobgoblin barely misses you.
As you read the scroll labelled OXA REF NUUDEN, it crumbles to dust.
A profound silence engulfs you.
It was a scroll of silence.
The hobgoblin closely misses you.
You sock the hobgoblin!
You kill the hobgoblin!
You sock the hobgoblin!
You kill the hobgoblin!
You hit the goblin.
The goblin is moderately wounded.
The goblin closely misses you. The goblin hits you with a +0 club.
You die...

....###### ....##...#
....##...############
....'.)...........>.
)...##.........## ..
................# .#
#########..[....# .#
#........)##.# .
#........)@gg# ..
#........###w# ...
###......# ...
#......# ..##
########


gg# ggg gg## .l# You could see a dart slug (unsilenced), a hobgoblin and a
goblin.

Vanquished Creatures
  Robin (D:3)
  2 adders (D:2)
  A dart slug (D:1)
  3 ball pythons
  An endoplasm (D:1)
  10 goblins
  6 hobgoblins
  3 kobolds
  4 bats
  A frilled lizard (D:1)
  2 rats
34 creatures vanquished.

Vanquished Creatures (others)
  A plant (D:2)
1 creature vanquished.

Grand Total: 35 creatures vanquished

Notes
Turn   | Place    | Note
-------+----------+-------------------------------------------
     0 | D:1      | daveb22 the Human Fighter began the quest for the Orb.
     0 | D:1      | Reached XP level 1. HP: 18/18 MP: 1/1
   130 | D:1      | Reached XP level 2. HP: 24/24 MP: 2/2
   743 | D:2      | Reached XP level 3. HP: 29/29 MP: 3/3
   770 | D:2      | Found a faded altar of an unknown god.
  1231 | D:3      | Noticed Robin
  1255 | D:3      | Reached XP level 4. HP: 18/35 MP: 4/4
  1265 | D:3      | Killed Robin
  1273 | D:3      | Slain by a goblin

Illustrated notes

Levels and vault maps discovered:
D:1:      saegor_arrival_simple_d, layout_rooms, minmay_crystal_water
D:2:      layout_rooms, shapermc_ecumenical_altar_mp_ritualfount,
          minmay_misc_feat_diagonals, minmay_heptomino_h4
D:3:      layout_basic, uniq_robin

Action                   |  1- 3 |  4- 6 || total
-------------------------+-------+-------++-------
Melee: Flail             |    73 |    16 ||    89
  Use: Scroll            |       |     3 ||     3
Armor: Scale mail        |    60 |     9 ||    69
Dodge: Dodged            |    39 |    16 ||    55
Block: Buckler           |    24 |     7 ||    31
